 Dungeon Crawl Stone Soup version 0.30-a0-457-g4b7bca3bfa (webtiles) character file.

Game seed: 7841721501001052866

132693 ptdevnull the Warrior (level 16, -10/138 HPs)
             Began as a Demonspawn Gladiator on Oct 31, 2022.
             Was a High Priest of Nemelex Xobeh.
             Mangled by a merfolk impaler
             ... wielding a +4 antimagic trident
              (16 damage)
             ... on level 4 of the Shoals on Dec 13, 2022.
             The game lasted 01:29:55 (34196 turns).

ptdevnull the Warrior (Demonspawn Gladiator)       Turns: 34196, Time: 01:29:57

Health: -10/138    AC: 26    Str: 19    XL:     16   Next: 58%
Magic:  0/27       EV: 18    Int: 17    God:    Nemelex Xobeh [*****.]
Gold:   1762       SH:  0    Dex: 19    Spells: 5/15 levels left

rFire   + . .      SeeInvis +    B - +5 glaive "ptdevnull's Curse" {vorpal, rElec rF+ Will+}
rCold   . . .      Faith    +    (shield currently unavailable)
rNeg    . . .      Spirit   .    F - +10 ring mail "Wycvuh" {Int+4 Dex+4}
rPois   +          Reflect  .    c - +0 helmet
rElec   +          Harm     .    L - +2 cloak of the Thief {*Fog Slay-2 SInv Stlth+}
rCorr   .          Rampage  .    K - +2 pair of gloves
Will    ++...                    U - +1 pair of boots
Stlth   ++........               d - amulet of faith
HPRegen 0.43/turn                Z - ring of poison resistance
MPRegen 0.20/turn                X - +4 ring of slaying

@: studying Short Blades
A: yellow scales 1, demonic guardian 3, spiny 3, weakness stinger 1
a: Renounce Religion, Draw Escape, Draw Destruction, Draw Summoning, Triple
Draw, Deal Four, Stack Five


You were on level 4 of the Shoals.
You worshipped Nemelex Xobeh.
Nemelex Xobeh was extremely pleased with you.
You visited 4 branches of the dungeon, and saw 26 of its levels.
You also visited: Bailey.

You collected 2671 gold pieces.
You spent 909 gold pieces at shops.

Inventory:

Hand Weapons
 B - the +5 glaive "ptdevnull's Curse" (weapon) {vorpal, rElec rF+ Will+}
   (You found it on level 12 of the Dungeon)

   It inflicts extra damage upon your enemies.
   rF:        It protects you from fire.
   rElec:     It insulates you from electricity.
   Will:      It increases your willpower.
Missiles
 n - a throwing net
 V - 3 silver javelins
Armour
 a - a +2 cloak of willpower
 c - a +0 helmet (worn)
 F - the +10 ring mail "Wycvuh" (worn) {Int+4 Dex+4}
   (You found it on level 11 of the Dungeon)

   Int:       It affects your intelligence (+4).
   Dex:       It affects your dexterity (+4).
 K - a +2 pair of gloves (worn)
 L - the +2 cloak of the Thief (worn) {*Fog Slay-2 SInv Stlth+}
   (You found it in a bailey)

   It may release a thick cloud of smoke when the wearer is hurt.
   Slay:      It affects your accuracy & damage with ranged weapons and melee
   (-2).
   SInv:      It lets you see invisible.
   Stlth:     It makes you more stealthy.
 U - a +1 pair of boots (worn)
Jewellery
 d - an amulet of faith (around neck)
 j - an amulet of magic regeneration
 o - a ring of resist corrosion
 G - a ring of protection from fire
 R - a ring of positive energy
 X - a +4 ring of slaying (right hand)
 Z - a ring of poison resistance (left hand)
Wands
 k - a wand of iceblast (16) (quivered)
 l - a wand of digging (11)
 v - a wand of paralysis (30)
 z - a wand of mindburst (21)
 N - a wand of flame (32)
 O - a wand of polymorph (13)
Scrolls
 e - 7 scrolls of identify
 f - 12 scrolls of teleportation
 g - 8 scrolls of blinking
 m - 2 scrolls of silence
 p - 4 scrolls of torment
 q - a scroll of summoning
 s - 7 scrolls of poison
 t - 4 scrolls of vulnerability
 y - 6 scrolls of amnesia
 C - 3 scrolls of magic mapping
 D - 6 scrolls of fog
 M - 5 scrolls of immolation
 W - 4 scrolls of enchant armour
Potions
 b - 3 potions of haste
 h - 5 potions of lignification
 i - 4 potions of heal wounds
 r - 9 potions of curing
 u - 2 potions of attraction
 w - a potion of resistance
 x - 3 potions of berserk rage
 E - 6 potions of ambrosia
 H - 3 potions of might
 I - 3 potions of mutation
 Q - a potion of magic
 T - 3 potions of brilliance


   Skills:
 - Level 16.2 Fighting
 * Level 11.2(13.8) Polearms
 - Level 13.0(14.7) Staves
 - Level 1.7 Throwing
 + Level 11.5 Dodging
 + Level 9.0 Translocations
 - Level 15.2 Invocations
 - Level 8.0 Evocations


You had 5 spell levels left.
You knew the following spells:

 Your Spells              Type           Power      Damage    Failure   Level
a - Blink                 Tloc           60%        N/A       1%          2
b - Manifold Assault      Tloc           30%        N/A       10%         4
c - Passage of Golubria   Tloc           30%        N/A       10%         4

Your spell library contained the following spells:

 Spells                   Type           Power      Damage    Failure   Level
 Apportation              Tloc           60%        N/A       1%          1
 Beastly Appendage        Tmut           0%         N/A       38%         1
 Foxfire                  Conj/Fire      0%         2x1d4     38%         1
 Shock                    Conj/Air       0%         1d3       38%         1
 Sting                    Tmut/Pois      0%         1d3       38%         1
 Poisonous Vapours        Pois/Air       0%         N/A       52%         2
 Ignite Poison            Fire/Tmut/Pois 0%         N/A       77%         3
 Summon Guardian Golem    Hex/Summ       0%         N/A       77%         3
 Swiftness                Air            0%         N/A       77%         3
 Tukima's Dance           Hex            0%         N/A       77%         3
 Airstrike                Air            0%         2d(0-16)  99%         4
 Anguish                  Hex/Necr       0%         N/A       99%         4
 Animate Armour           Summ/Erth      0%         N/A       99%         4
 Cause Fear               Hex            0%         N/A       99%         4
 Olgreb's Toxic Radiance  Pois           0%         N/A       99%         4
 Sticky Flame             Conj/Fire      0%         2d3       99%         4
 Summon Ice Beast         Ice/Summ       0%         N/A       99%         4
 Alistair's Intoxication  Tmut/Pois      0%         N/A       100%        5
 Blade Hands              Tmut           0%         N/A       100%        5
 Fireball                 Conj/Fire      0%         3d3       100%        5
 Summon Mana Viper        Hex/Summ       0%         N/A       100%        5
 Yara's Violent Unravell  Hex/Tmut       0%         3d3       100%        5
 Iron Shot                Conj/Erth      0%         9d1       100%        6
 Starburst                Conj/Fire      0%         6d3       100%        6
 Enfeeble                 Hex            0%         N/A       100%        7
 Monstrous Menagerie      Summ           0%         N/A       100%        7
 Spellforged Servitor     Conj/Summ      0%         N/A       100%        7
 Storm Form               Tmut/Air       0%         N/A       100%        7
 Ignition                 Fire           0%         3d3       100%        8


Dungeon Overview and Level Annotations

Branches:
Dungeon (15/15)            Temple (0/1) D:7            Lair (5/5) D:8
 Shoals (4/4) Lair:3        Snake (0/4) Lair:2        Slime (0/5) Lair:4
    Orc (2/2) D:12            Elf (0/3) Orc:2        Vaults (0/5) D:13
 Depths (0/4) D:15         Bailey (visited)

Altars:
Kikubaaqudgha
Nemelex Xobeh
Qazlal
Jiyva

Shops:
D:2 [   D:4 :*!?   D:15 [   Orc:1 **   Orc:2 :([(   Shoals:1 !*

Portals:
Bazaar: Shoals:3
Trove: D:10 (give +6 demon whip)

Annotations:
D:12 2 transporters, kairosrom117's ghost, journeyman DrFE
D:14 Roxanne


Innate Abilities, Weirdness & Mutations

You are partially covered in yellow scales. (AC +2)
A powerful demonic guardian rushes to your aid.
You are completely covered in sharp spines.
You have a small tail.


Message History

You feel your power leaking away.
Reach: B) +5 glaive "ptdevnull's Curse" {vorpal, rElec rF+ Will+}
Press: ? - help, Dir - move target, f/p - merfolk impaler
Aim: a merfolk impaler, wielding a +4 antimagic trident and wearing a +0 robe (blue smoke, about 44% to evade the +5 glaive "ptdevnull's Curse")
You reach to attack!
You carve the merfolk impaler like a ham!!!
The merfolk impaler is severely wounded.
The merfolk impaler misses you.
Reach: B) +5 glaive "ptdevnull's Curse" {vorpal, rElec rF+ Will+}
Press: ? - help, Dir - move target, f/p - merfolk impaler
Aim: a merfolk impaler, wielding a +4 antimagic trident and wearing a +0 robe (blue smoke, severely wounded, about 44% to evade the +5 glaive "ptdevnull's Curse")
You reach to attack!
You miss the merfolk impaler.
The merfolk impaler is severely wounded.
The merfolk impaler completely misses you.
The merfolk impaler hits you from afar with a +4 antimagic trident.
* * * LOW HITPOINT WARNING * * *
You feel your power leaking away.
Reach: B) +5 glaive "ptdevnull's Curse" {vorpal, rElec rF+ Will+}
Press: ? - help, Dir - move target, f/p - merfolk impaler
Aim: a merfolk impaler, wielding a +4 antimagic trident and wearing a +0 robe (severely wounded, about 44% to evade the +5 glaive "ptdevnull's Curse")
You reach to attack!
You miss the merfolk impaler.
The merfolk impaler is severely wounded.
The merfolk impaler hits you from afar with a +4 antimagic trident!
* * * LOW HITPOINT WARNING * * *
A demonic guardian appears!
The merfolk hits you but does no damage.
The merfolk impaler hits you from afar with a +4 antimagic trident.
* * * LOW HITPOINT WARNING * * *
Reach: B) +5 glaive "ptdevnull's Curse" {vorpal, rElec rF+ Will+}
Press: ? - help, Dir - move target, f/p - merfolk impaler
Aim: a merfolk impaler, wielding a +4 antimagic trident and wearing a +0 robe (severely wounded, about 44% to evade the +5 glaive "ptdevnull's Curse")
You reach to attack!
You hit the merfolk impaler.
The merfolk impaler is severely wounded.
The water elemental completely misses you.
The merfolk hits you from afar with a +0 trident!
* * * LOW HITPOINT WARNING * * *
With a swish of your cloak, you release a cloud of fog.
The merfolk impaler hits you from afar with a +4 antimagic trident!
You die...
Your body glows slightly and disappears.

§§§§§.~~.#*,,,,,,~~~~~~~~~~~~~~~~
§mm§§m~~..#.......~~≈~~~~~~~~~~~~
≈≈≈§§§~~~.#.......~~≈~~~~~~~~~~~~
≈≈≈≈≈≈≈~~.........~#****~~~~~~~~~
≈≈≈m~~~~~~........#*,,,**~~~~~~~~
≈≈≈m~~~÷~~~~......#,,,,,*~~~~~~~~
≈≈~~~~÷~~~~....§2§+,,,,,*~~~~~~~~
~~~†~~~≈≈~.m).m§E§#,,,,,*~~~~~~~~
~~~~~~≈≈≈≈...)m§@§##,,,**~~~~~~~~
~~~~~≈≈≈≈~....§§§§~#****~~~~~~~~~
~~~~≈≈≈≈≈~....§§§~~~~~~~~~~~~~~~~
~~~~≈≈≈≈≈~.......§~~~~~≈~~~~~~~~~
~~~~~~~~~~......~~~~~~~≈≈~~~~~~~~
~~~~~~~~~~.....~~~~~~~≈≈≈~~~~~~~~
~~~~~~~~~~~~...~~~~~~≈≈≈≈~~~~~~~~
~~~~...~~~~~....~~~~~≈≈≈≈~~~~~~~~
~~~~...~~~.......~~~~~≈~~~~~~~~~~


You could see a merfolk impaler, a merfolk, a water elemental (ally target) and
a friendly lorocyproca (summoned, invisible).

Vanquished Creatures
  Rupert (D:12)
  Kirke (D:14)
  A fire giant (D:15)
  A ghost moth (Shoals:4)
  Azrael (D:12)
  A fire dragon (D:13)
  A great orb of eyes (Shoals:2)
  Fannar (D:12)
  2 hydras
  A catoblepas (Shoals:1)
  3 merfolk avatars
  8 centaur warriors
  2 boulder beetles (D:12)
  3 two-headed ogres
  2 merfolk aquamancers
  3 death yaks
  2 orc high priests (Orc:2)
  A tengu warrior (D:13)
  A satyr (Shoals:3)
  A shock serpent (Shoals:1)
  8 sea snakes
  2 swamp dragons
  3 wizards
  17 harpies
  A glowing orange brain (Shoals:4)
  2 orc knights
  4 orc sorcerers
  2 deep elf pyromancers
  16 ugly things
  A shining eye (Shoals:1)
  12 manticores
  7 cyclopes
  4 fauns (Shoals:2)
  10 elephants
  6 black mambas
  6 merfolk sirens
  Maurice (D:8)
  6 water nymphs
  A torpor snail (Lair:4)
  6 cane toads
  2 eyes of devastation
  2 kobold demonologists
  9 rime drakes
  3 komodo dragons
  3 demonic crawlers (D:12)
  A rime drake (shapeshifter) (D:11)
  An efreet (D:15)
  A guardian mummy (D:10)
  7 trolls
  3 meliai (D:15)
  10 merfolk
  5 wind drakes
  2 polar bears
  3 hornets (Lair:5)
  10 blink frogs
  8 dream sheep
  10 snapping turtles
  3 small abominations (D:12)
  A centaur simulacrum (D:15)
  3 wyverns
  3 wraiths
  A hog (D:14)
  44 yaks
  5 water elementals
  2 fire elementals
  7 steam dragons
  7 vampire mosquitoes
  3 basilisks
  Eustachio (D:6)
  2 wargs
  2 acid dragons
  12 water moccasins
  A floating eye (D:12)
  4 hell hounds (D:12)
  A swamp drake (D:4)
  3 black bears
  28 orc warriors
  An ice beast (Lair:5)
  A sky beast (Lair:4)
  13 wolves
  6 ogres (Orc:2)
  11 centaurs
  2 phantoms (D:5)
  8 kobold brigands
  4 gnoll sergeants
  3 necrophages
  15 bullfrogs
  4 scorpions
  13 wights
  4 killer bees
  10 electric eels
  4 howler monkeys
  A jelly (D:5)
  3 hounds
  15 orc priests
  A gnoll bouda (D:8)
  2 iguanas
  26 orc wizards
  A hell rat (D:8)
  16 gnolls
  2 river rats
  9 adders
  A shadow imp (D:7)
  3 worms
  4 dart slugs
  96 orcs
  6 bats
  12 endoplasms
  4 giant cockroaches
  17 hobgoblins
  6 quokkas
  5 ball pythons
  13 frilled lizards
  17 goblins
  27 kobolds
  4 rats
  A bush (Lair:5)
  2 butterflies
758 creatures vanquished.

Vanquished Creatures (collateral kills)
  Saint Roka (Orc:2)
  Polyphemus (Shoals:2)
  Ilsuiw (Shoals:2)
  An orc warlord (Orc:2)
  A merfolk javelineer (Shoals:2)
  2 merfolk impalers
  2 hydras
  A two-headed ogre (D:12)
  3 death yaks
  A slime creature (D:13)
  A sea snake (Shoals:2)
  A glowing orange brain (D:12)
  2 orc sorcerers
  2 fauns (Shoals:2)
  3 manticores
  3 elephants
  An ugly thing (D:12)
  A cyclops (D:12)
  5 merfolk sirens
  2 rime drakes
  A komodo dragon (Lair:1)
  A kobold demonologist (Bailey)
  A troll (D:13)
  A wind drake (Shoals:1)
  6 merfolk
  3 snapping turtles
  A raiju (shapeshifter) (D:12)
  A wyvern (D:8)
  5 yaks
  6 orc warriors
  A black bear (Lair:2)
  An ogre (Orc:2)
  4 wolves (Lair:5)
  A kobold brigand (D:9)
  A howler monkey (D:5)
  3 orc priests
  4 orc wizards
  4 gnolls (D:8)
  5 orcs
  A goblin (Bailey)
86 creatures vanquished.

Vanquished Creatures (others)
  A shining eye (Shoals:2)
  A human (D:14)
  A wolf (Lair:2)
  An ufetubus (D:6)
  An orc (Orc:2)
  28 fungi
  113 plants
  4 toadstools (D:4)
150 creatures vanquished.

Grand Total: 994 creatures vanquished

Notes
Turn   | Place    | Note
-------+----------+-------------------------------------------
     0 | D:1      | ptdevnull the Demonspawn Gladiator began the quest for the
                  | Orb.
     0 | D:1      | Reached XP level 1. HP: 16/16 MP: 1/1
   102 | D:1      | Gained mutation: You are partially covered in yellow
                  | scales. (AC +2) [demonic ancestry]
   102 | D:1      | Reached XP level 2. HP: 22/22 MP: 2/2
   748 | D:2      | Gained mutation: A weak demonic guardian rushes to your
                  | aid. [demonic ancestry]
   748 | D:2      | Reached XP level 3. HP: 28/28 MP: 3/3
   828 | D:2      | Found Vakom's Antique Armour Shop.
  1027 | D:2      | Reached XP level 4. HP: 27/34 MP: 4/4
  1072 | D:2      | Reached skill level 3 in Fighting
  1895 | D:3      | Found a faded altar of an unknown god.
  1900 | D:3      | Got Plato's Codex of Moulding
  2010 | D:3      | Gained mutation: You are partially covered in sharp spines.
                  | [demonic ancestry]
  2010 | D:3      | Reached XP level 5. HP: 41/41 MP: 5/5
  2035 | D:3      | Prayed at the altar of an unknown god.
  2035 | D:3      | Became a worshipper of Nemelex Xobeh the Trickster
  2035 | D:3      | Reached * piety under Nemelex Xobeh
  2161 | D:3      | Found a stormy altar of Qazlal.
  2170 | D:3      | Found an ancient bone altar of Kikubaaqudgha.
  2320 | D:4      | Reached skill level 1 in Invocations
  2332 | D:4      | Found Surosk Zitir's Magic Scroll Shop.
  2334 | D:4      | Found Igeujitz's General Store.
  2334 | D:4      | Found Buruuvit's Book Shop.
  2334 | D:4      | Found Firohiwk's Distillery.
  2369 | D:4      | Received a gift from Nemelex Xobeh
  2401 | D:4      | Bought a scroll of identify for 20 gold pieces
  2474 | D:4      | Reached skill level 4 in Fighting
  2474 | D:4      | Reached skill level 5 in Staves
  2474 | D:4      | Gained mutation: You are mostly covered in sharp spines.
                  | [demonic ancestry]
  2474 | D:4      | Reached XP level 6. HP: 21/48 MP: 7/7
  2520 | D:4      | Noticed a water moccasin
  2525 | D:4      | Killed a water moccasin
  2536 | D:4      | Noticed an acid dragon
  2539 | D:4      | Noticed an orc warrior
  2541 | D:4      | an acid dragon changed into a centaur
  2541 | D:4      | an orc warrior changed into a swamp drake
  2541 | D:4      | Noticed a swamp drake
  2556 | D:4      | Killed a swamp drake
  2557 | D:4      | Reached XP level 7. HP: 22/55 MP: 8/10
  2754 | D:4      | Reached skill level 5 in Fighting
  2861 | D:4      | Reached skill level 5 in Invocations
  3069 | D:5      | Entered Level 5 of the Dungeon
  3229 | D:5      | Reached XP level 8. HP: 54/63 MP: 12/12
  3486 | D:5      | Reached skill level 6 in Fighting
  3518 | D:5      | Reached ** piety under Nemelex Xobeh
  3844 | D:5      | Received a gift from Nemelex Xobeh
  4513 | D:6      | Reached skill level 7 in Fighting
  4656 | D:6      | Gained mutation: A demonic guardian rushes to your aid.
                  | [demonic ancestry]
  4656 | D:6      | Reached XP level 9. HP: 54/71 MP: 14/14
  4711 | D:6      | Noticed Eustachio
  4741 | D:6      | Killed Eustachio
  4972 | D:6      | Received a gift from Nemelex Xobeh
  5219 | D:7      | Found a staircase to the Ecumenical Temple.
  5383 | D:7      | Reached *** piety under Nemelex Xobeh
  5935 | D:7      | Reached skill level 8 in Fighting
  6155 | D:8      | Noticed Maurice
  6170 | D:8      | Killed Maurice
  6222 | D:8      | Reached skill level 10 in Invocations
  6528 | D:8      | Found a flagged portal.
  6622 | Bailey   | Entered a bailey
  6744 | Bailey   | Gained mutation: You have a small tail. [demonic ancestry]
  6744 | Bailey   | Reached XP level 10. HP: 54/82 MP: 17/17
  6979 | Bailey   | Found the +2 cloak of the Thief {*Fog Slay-2 SInv Stlth+}
  7173 | Bailey   | Reached skill level 9 in Fighting
  7592 | Bailey   | Found an iron altar of Okawaru.
  7592 | Bailey   | Noticed an orc sorcerer
  7601 | Bailey   | Killed an orc sorcerer
  7625 | Bailey   | Identified the +0 chain mail "Gojis" {MP+9 Dex+3}
  8016 | Bailey   | Acquired a manual of Fighting
  8097 | D:8      | Noticed a death yak
  8098 | D:8      | Noticed a death yak
  8099 | D:8      | Found a staircase to the Lair.
  8108 | D:8      | Noticed a death yak
  8111 | D:8      | Killed a death yak
  8112 | D:8      | Reached skill level 10 in Fighting
  8117 | D:8      | Killed a death yak
  8135 | D:8      | Killed a death yak
  8155 | D:8      | Reached XP level 11. HP: 18/92 MP: 20/20
  8384 | D:8      | Received a gift from Nemelex Xobeh
  8927 | D:9      | Reached skill level 11 in Fighting
  8928 | D:9      | Reached skill level 10 in Staves
  9193 | D:9      | Reached **** piety under Nemelex Xobeh
  9546 | D:10     | Entered Level 10 of the Dungeon
  9546 | D:10     | Noticed a centaur warrior
  9827 | D:10     | Killed a centaur warrior
  9945 | D:10     | Received a gift from Nemelex Xobeh
 10260 | D:10     | Found a portal to a secret trove of treasure.
 10266 | D:10     | Reached skill level 12 in Fighting
 10943 | D:11     | Noticed a two-headed ogre
 11037 | Lair:1   | Entered Level 1 of the Lair of Beasts
 11050 | Lair:1   | Noticed Erica
 11051 | Lair:1   | Erica changed into Erica the swamp dragon
 11051 | Lair:1   | Noticed Erica
 11057 | Lair:1   | Killed Erica the swamp dragon
 11307 | Lair:1   | Received a gift from Nemelex Xobeh
 11634 | Lair:1   | Reached skill level 13 in Fighting
 12008 | Lair:1   | HP: 4/98 [komodo dragon (8)]
 12220 | Lair:1   | Received a gift from Nemelex Xobeh
 12572 | Lair:2   | Identified the +2 robe "Muusumux" {rN+}
 12593 | Lair:2   | Reached skill level 1 in Evocations
 12593 | Lair:2   | Reached XP level 12. HP: 79/105 MP: 22/22
 12753 | Lair:2   | Found a staircase to the Snake Pit.
 13611 | Lair:2   | Noticed a five-headed hydra
 13623 | Lair:2   | Killed a five-headed hydra
 13630 | Lair:2   | Reached skill level 14 in Fighting
 14307 | Lair:3   | Identified the +0 scale mail of Classification {+Blink
                  | rElec}
 14532 | Lair:3   | Received a gift from Nemelex Xobeh
 14550 | Lair:3   | Found a staircase to the Shoals.
 14556 | Lair:3   | Reached ***** piety under Nemelex Xobeh
 15119 | Lair:3   | Reached skill level 5 in Dodging
 15543 | Lair:3   | Received a gift from Nemelex Xobeh
 15923 | Lair:4   | Noticed a death yak
 15935 | Lair:3   | Killed a death yak
 16033 | Lair:4   | Reached skill level 15 in Fighting
 16033 | Lair:4   | Reached skill level 5 in Evocations
 16204 | Lair:4   | Noticed a four-headed hydra
 16213 | Lair:4   | Killed a four-headed hydra
 16328 | Lair:4   | Reached XP level 13. HP: 49/115 MP: 23/23
 17030 | Lair:4   | Found a viscous altar of Jiyva.
 17032 | Lair:4   | Found a staircase to the Slime Pits.
 17059 | Lair:4   | Received a gift from Nemelex Xobeh
 17423 | Lair:5   | Entered Level 5 of the Lair of Beasts
 17662 | Lair:5   | Paralysed by a hornet for 2 turns
 18641 | Lair:5   | Received a gift from Nemelex Xobeh
 18703 | Lair:5   | Reached skill level 16 in Fighting
 18707 | Lair:5   | Paralysed by a hornet for 1 turns
 19244 | Lair:5   | Identified the +4 rapier of Proximity {vorpal, rElec rC-
                  | rN+ Stlth+}
 19248 | Lair:5   | Identified the +5 ring mail "Deoloof" {-Tele rC++ Dex+3}
 19844 | Shoals:1 | Entered Level 1 of the Shoals
 19844 | Shoals:1 | Found Ocheid's Gadget Gallery.
 19870 | Shoals:1 | Upgraded the game from 0.30-a0-335-ge5acde7520 to
                  | 0.30-a0-339-g89bb51ec76
 20131 | Shoals:1 | Learned a level 2 spell: Blink
 20136 | Shoals:1 | Learned a level 4 spell: Manifold Assault
 20141 | Shoals:1 | Learned a level 4 spell: Passage of Golubria
 20159 | Shoals:1 | Received a gift from Nemelex Xobeh
 20332 | Shoals:1 | Reached skill level 1 in Translocations
 20332 | Shoals:1 | Gained mutation: A powerful demonic guardian rushes to your
                  | aid. [demonic ancestry]
 20332 | Shoals:1 | Reached XP level 14. HP: 106/125 MP: 24/24
 20957 | Shoals:1 | Found Limyon's Distillery.
 21340 | Shoals:2 | Noticed Ilsuiw
 21344 | Shoals:2 | Identified the +2 trident of Deporegu {vamp, rPois Will+
                  | Int+2}
 21352 | Shoals:2 | Killed Ilsuiw
 21544 | Shoals:2 | Noticed Polyphemus
 23044 | D:11     | Identified the +10 ring mail "Wycvuh" {Int+4 Dex+4}
 23369 | D:11     | Reached skill level 15 in Invocations
 23372 | D:11     | Reached skill level 5 in Translocations
 23682 | D:11     | Received a gift from Nemelex Xobeh
 23928 | D:12     | Noticed Azrael
 24088 | D:12     | Noticed kairosrom117's ghost (journeyman DrFE)
 24302 | D:12     | Killed Azrael
 24529 | D:12     | Found a transporter.
 24545 | D:12     | Found a transporter.
 24556 | D:12     | Found a staircase to the Orcish Mines.
 24594 | D:12     | Noticed Fannar
 24595 | D:12     | Killed Fannar
 24652 | D:12     | Identified the +5 glaive "ptdevnull's Curse" {vorpal, rElec
                  | rF+ Will+}
 24831 | D:12     | Reached skill level 1 in Polearms
 24940 | D:12     | Noticed Rupert
 24962 | D:12     | Killed Rupert
 24969 | D:12     | Got Dudauf's Handbook of Enthralling Accompaniment
 25127 | D:12     | Paralysed by a floating eye for 2 turns
 25542 | D:13     | Received a gift from Nemelex Xobeh
 25881 | D:13     | Reached skill level 5 in Polearms
 26028 | D:13     | Reached XP level 15. HP: 131/131 MP: 26/26
 26297 | D:13     | Received a gift from Nemelex Xobeh
 26509 | D:13     | Found a gate to the Vaults.
 26906 | D:14     | Received a gift from Nemelex Xobeh
 27118 | D:14     | Identified Roxanne's Papyrus of Terrain
 27118 | D:14     | Noticed Roxanne
 27138 | D:14     | Noticed Kirke
 27146 | D:14     | Killed Kirke
 27217 | D:14     | Received a gift from Nemelex Xobeh
 27289 | D:14     | You fall into a shaft and drop 1 floor!
 27289 | D:15     | Entered Level 15 of the Dungeon
 27304 | D:15     | Found Zukh's Antique Armour Shoppe.
 27315 | D:15     | Bought a jewelled scale mail for 297 gold pieces
 27315 | D:15     | Identified the +0 scale mail of the Inquisitive Wishes
                  | {-Tele rPois Will++ rCorr} (You bought it in a shop on
                  | level 15 of the Dungeon)
 27718 | D:15     | Received a gift from Nemelex Xobeh
 27798 | D:15     | Found a staircase to the Depths.
 27798 | D:15     | Noticed a fire giant
 27814 | D:15     | Killed a fire giant
 28216 | D:15     | Reached skill level 10 in Dodging
 28632 | Orc:1    | Entered Level 1 of the Orcish Mines
 28632 | Orc:1    | Received a gift from Nemelex Xobeh
 28736 | Orc:1    | Found Fihoem's General Store.
 28874 | Orc:1    | Found Vafifyma's CLEARANCE SALE!.
 28955 | Orc:2    | Entered Level 2 of the Orcish Mines
 29384 | Orc:2    | Received a gift from Nemelex Xobeh
 29390 | Orc:2    | Found a staircase to the Elven Halls.
 29434 | Orc:2    | Noticed Saint Roka
 29437 | Orc:2    | Identified the -1 long sword of the Transmuting Pariah
                  | {venom, rPois rF+++ Str+7 Stlth-}
 29443 | Orc:2    | Killed Saint Roka
 29623 | Orc:2    | Found Taopati's Book Shoppe.
 29745 | Orc:2    | Found Eruxog's Antique Weapon Shop.
 29747 | Orc:2    | Found Xillepidd's Antique Armour Boutique.
 29754 | Orc:2    | Bought a slimy leather armour for 259 gold pieces
 29754 | Orc:2    | Identified the +0 leather armour of Vaickywa {rCorr Int+5
                  | Dex-3} (You bought it in a shop on level 2 of the Orcish
                  | Mines)
 29888 | Orc:2    | Received a gift from Nemelex Xobeh
 30060 | Orc:2    | Found Fenwetse's Antique Weapon Shoppe.
 30065 | Orc:2    | Bought a transparent great mace for 333 gold pieces
 30065 | Orc:2    | Identified the +8 great mace "Fabil" {vorpal, rN+++ Str-3
                  | Int+5 Dex-2} (You bought it in a shop on level 2 of the
                  | Orcish Mines)
 30475 | Orc:1    | Received a gift from Nemelex Xobeh
 31210 | Shoals:2 | Killed Polyphemus
 31228 | Shoals:2 | Gained mutation: You are completely covered in sharp
                  | spines. [demonic ancestry]
 31228 | Shoals:2 | Reached XP level 16. HP: 45/138 MP: 18/27
 31634 | Shoals:2 | Upgraded the game from 0.30-a0-339-g89bb51ec76 to
                  | 0.30-a0-377-g5cb311bc9f
 32104 | Shoals:2 | Upgraded the game from 0.30-a0-377-g5cb311bc9f to
                  | 0.30-a0-457-g4b7bca3bfa
 32338 | Shoals:3 | Reached skill level 10 in Polearms
 32517 | Shoals:3 | Received a gift from Nemelex Xobeh
 33278 | Shoals:3 | Found a gateway to a bazaar.
 33505 | Shoals:4 | Entered Level 4 of the Shoals
 34167 | Shoals:4 | Received a gift from Nemelex Xobeh
 34196 | Shoals:4 | HP: 6/138 [merfolk/+0 trident (16)]
 34196 | Shoals:4 | Mangled by a merfolk impaler

Illustrated notes

Levels and vault maps discovered:
D:1:      sevenhm_arrival_forest_fort_small_5, layout_basic, minmay_pentomino_r4
D:2:      layout_loops_cross, serial_shops, nicolae_diamond_shop,
          minmay_lizard_king
D:3:      layout_loops_ring, amethyst_overflow_temple_binary,
          shapermc_ecumenical_altar_rom_forum
D:4:      layout_rooms, minmay_gold_behind_fungi, grunt_ministairs_13,
          minmay_shop_grid_forest, minmay_manual_mail
D:5:      layout_loops_ring, chequers_avenue
D:6:      layout_loops_ring, serial_bayou_pond_b, uniq_eustachio, uniq_menkaure
D:7:      layout_loops_cross, minmay_temple_entry_drinking_statues,
          serial_bayou_pond_a, chequers_serial_rivers_small_a
D:8:      layout_cave_pools, dpeg_lair_monsters, enter_bailey_5,
          grunt_ministairs_2, uniq_maurice
D:9:      layout_roguey
D:10:     layout_roguey, nicolae_trove_entry_path_of_doom,
          nicolae_fountain_basement
D:11:     layout_long_grid
D:12:     cheibrodos_hippocracy, layout_irregular_city, david_orc_3,
          gammafunk_ghost_stat_death, uniq_rupert, uniq_fannar, uniq_azrael,
          uniq_urug
D:13:     layout_loops_ring, david_vaults_1
D:14:     layout_irregular_city, nicolae_twisting_strands, minmay_fountain_box,
          uniq_nessos, uniq_roxanne, uniq_kirke
D:15:     grunt_enter_depths_giant_problem, layout_irregular_city,
          grunt_decor_one_mirror, serial_shops, nicolae_square_shop
Lair:1:   layout_loops_ring, uniq_erica
Lair:2:   layout_roguey, dummy_snake_entry, st_stairs_13, serial_bayou_ford_a,
          lemuel_fruit_fields, serial_bayou_shore_b
Lair:3:   layout_cave_pods, elwin_shoals_entry_rooms,
          chequers_serial_rivers_room_a, infiniplex_staircase_pool,
          lemuel_fruit_fields, lemuel_fruit_tree
Lair:4:   layout_cave_pods, slime_entry_1, grunt_megastairs_4,
          serial_bayou_shore_b
Lair:5:   gammafunk_lair_ancient_temple, layout_regular_city,
          lemuel_fruit_fields
Shoals:1: layout_shoals, serial_shops, nicolae_square_shop, nicolae_shop_gadgets
Shoals:2: layout_shoals, nicolae_shoals_cliffside_cave,
          nicolae_shoals_drake_roost, uniq_polyphemus, uniq_ilsuiw
Shoals:3: layout_shoals, serial_shops, bzr_entry_islet
Shoals:4: shoals_end_simple, layout_shoals, nzn_prometheus_bound
Orc:1:    layout_diamond_mine, serial_shops, shop, nicolae_shop_clearance
Orc:2:    grunt_orc_community_town_hall, layout_diamond_mine,
          grunt_orc_community_big_house_2, grunt_orc_community_big_house_1,
          grunt_orc_community_house_3, grunt_orc_community_house_2,
          grunt_orc_community_house_2, grunt_orc_community_house_1,
          grunt_orc_community_house_3, mines1_david

Skill      XL: |  1  2  3  4  5  6  7  8  9 10 11 12 13 14 15 16 |
---------------+-------------------------------------------------+-----
Staves         | 3 4 5 6 7 8 9 11 12 13 | 13.0
Fighting       | 3 4 5 7 8 10 13 15 16 | 16.2
Invocations    | 2 4 5 7 10 12 14 15 | 15.2
Dodging        | 3 5 7 9 10 11 | 11.5
Evocations     | 1 5 8 |  8.0
Translocations | 1 5 7 9 |  9.0
Polearms       | 5 9 11 | 11.2
Throwing       | |  1.7

Action                   |  1- 3 |  4- 6 |  7- 9 | 10-12 | 13-15 | 16-18 || total
-------------------------+-------+-------+-------+-------+-------+-------++-------
Melee: Quarterstaff      |   103 |   125 |   289 |   651 |   403 |       ||  1571
       Tailslap          |       |       |       |   140 |   151 |    15 ||   306
       Glaive            |       |       |       |       |   560 |   210 ||   770
 Cast: Manifold Assault  |       |       |       |       |    13 |    10 ||    23
Invok: Draw Destruction  |       |     5 |     1 |    11 |     3 |       ||    20
       Draw Summoning    |       |       |       |     3 |     3 |       ||     6
       Draw Escape       |       |       |       |     4 |     1 |       ||     5
       Triple Draw       |       |       |       |     2 |     1 |       ||     3
       Deal Four         |       |       |       |       |    16 |     3 ||    19
Evoke: Wand              |       |       |       |     4 |    16 |     2 ||    22
  Use: Scroll            |       |     9 |     3 |     7 |    15 |     2 ||    36
       Potion            |       |       |       |     2 |     2 |     9 ||    13
 Stab: Sleeping          |     1 |       |       |     1 |     4 |     1 ||     7
       Distracted        |       |     1 |       |     1 |     8 |       ||    10
Armor: Leather armour    |    49 |    41 |    69 |       |       |       ||   159
       Robe              |       |       |    30 |   203 |   110 |       ||   343
       Ring mail         |       |       |       |       |   351 |   141 ||   492
Dodge: Dodged            |    71 |    85 |   133 |   344 |   714 |   225 ||  1572

Table legend: (Time is in decaauts)
 A = Elapsed time spent in this place.
 B = Non-inter-level travel time spent in this place.
 C = Inter-level travel time spent in this place.
 D = Time resting spent in this place.
 E = Time spent auto-exploring this place.
 F = Levels seen in this place.
 G = Mean time per level.
                   A        B        C        D        E       F      G
               +--------+--------+--------+--------+--------+-----+--------+
         Total |  34341 |  32420 |   1921 |   6466 |  20991 |  27 | 1271.9 |
       Dungeon |  15873 |  14789 |   1084 |   1827 |  10450 |  15 | 1058.2 |
          Lair |   8970 |   8474 |    496 |   1871 |   5698 |   5 | 1794.0 |
        Shoals |   6299 |   6042 |    257 |   2443 |   2764 |   4 | 1574.8 |
  Orcish Mines |   1796 |   1713 |     83 |    194 |   1106 |   2 |  898.0 |
        Bailey |   1402 |   1402 |      0 |    130 |    973 |   1 | 1402.0 |
               +--------+--------+--------+--------+--------+-----+--------+

Top non-repeatable levels by time:
Shoals:1: 2863 daAuts
  Lair:3: 2115 daAuts
  Lair:4: 1864 daAuts
Shoals:3: 1782 daAuts
  Lair:1: 1737 daAuts
  Lair:5: 1683 daAuts
  Lair:2: 1570 daAuts
    D:12: 1496 daAuts
Shoals:2: 1495 daAuts
    D:13: 1433 daAuts
  Bailey: 1402 daAuts
     D:7: 1389 daAuts
    D:15: 1337 daAuts
    D:11: 1250 daAuts
     D:9: 1194 daAuts
